 Dungeon Crawl Stone Soup version 0.31-a0-845-g9abc20d24f (webtiles) character file.

Game seed: 10257414299867104958

1144 Aneyh the Spear-Bearer (level 8, 0/46 HPs)
             Began as a Tengu Monk on Oct 2, 2023.
             Slain by an ice beast (8 damage)
             ... on level 6 of the Dungeon.
             The game lasted 00:08:08 (3059 turns).

Aneyh the Spear-Bearer (Tengu Monk)                 Turns: 3059, Time: 00:08:08

Health: 0/46       AC:  5    Str: 13    XL:     8   Next: 37%
Magic:  9/9        EV: 17    Int: 11    God:
Gold:   199        SH:  0    Dex: 17    Spells: 7/7 levels left

rFire   . . .        a - +2 spear (flame)
rCold   . . .        (no shield)
rNeg    . . .        f - +1 leather armour
rPois   .            (helmet restricted)
rElec   .            (no cloak)
rCorr   .            k - +0 pair of gloves
SInv    .            (boots unavailable)
Will    .....        (no amulet)
Stlth   +            (no ring)
HPRegen 0.27/turn    (no ring)
MPRegen 0.11/turn

%: acrobat
@: on berserk cooldown, flying, slowed, very slow
A: beak, talons 3, evasive flight, acrobatic
a: no special abilities


You were on level 6 of the Dungeon.
You visited 1 branch of the dungeon, and saw 6 of its levels.

You collected 199 gold pieces.

Inventory:

Hand Weapons
 a - a +2 spear of flaming (weapon)
 b - a +2 whip of draining
 g - a +0 shortbow
 j - a +0 hand axe of flaming
 q - a +0 whip of electrocution
 r - the +0 rapier of the End of Times {pain, Dex+3}
   (You found it on level 5 of the Dungeon)

   Dex+3:     It affects your dexterity (+3).
Armour
 d - an orb of light
 f - a +1 leather armour (worn)
 k - a +0 pair of gloves (worn)
Scrolls
 e - 3 scrolls of enchant armour
 h - 3 scrolls of enchant weapon
 l - a scroll of vulnerability {unknown}
 n - 2 scrolls of identify {unknown}
 o - 2 scrolls of poison
 p - a scroll of teleportation {unknown}
Potions
 c - a potion of cancellation
 m - a potion of mutation {unknown}


   Skills:
 - Level 3.0 Fighting
 + Level 11.0 Polearms
 - Level 3.3 Dodging


You had 7 spell levels left.
You didn't know any spells.
Your spell library was empty.

Dungeon Overview and Level Annotations

Branches:
Dungeon (6/15)
 Temple: D:4-7

Altars:
Elyvilon
Kikubaaqudgha
Xom
Zin
The Shining One

Shops:
D:2 *


Innate Abilities, Weirdness & Mutations

You have a beak for a mouth.
You have claws for feet.
Your magical flight helps you evade attacks. (EV +4)
You can magically evade attacks while moving or waiting.


Message History

The ice beast is heavily wounded.
The ice beast hits you. The ice beast freezes you!
* * * LOW HITPOINT WARNING * * *
You barely miss the ice beast. You claw the ice beast!
The ice beast is severely wounded.
The ice beast closely misses you.
You hit the ice beast.
You melt the ice beast.
Your peck misses the ice beast.
The ice beast is severely wounded.
The ice beast completely misses you.
You hit the ice beast but do no damage.
You claw the ice beast, but do no damage.
Your peck misses the ice beast.
The ice beast is severely wounded.
The ice beast hits you but does no damage.
You barely miss the ice beast.
The ice beast is severely wounded.
The ice beast misses you.
You hit the ice beast.
You melt the ice beast.
The ice beast is almost dead.
You completely miss the ice beast. You peck the ice beast.
The ice beast is almost dead.
The ice beast completely misses you.
You barely miss the ice beast.
You claw the ice beast, but do no damage.
Your peck misses the ice beast.
The ice beast is almost dead.
The ice beast closely misses you.
You closely miss the ice beast.
You claw the ice beast, but do no damage.
You peck the ice beast.
The ice beast is almost dead.
The ice beast hits you but does no damage.
You closely miss the ice beast. Your kick misses the ice beast.
The ice beast is almost dead.
You hit the ice beast but do no damage. Your kick misses the ice beast.
The ice beast is almost dead.
The ice beast hits you.
* * * LOW HITPOINT WARNING * * *
The ice beast freezes you!
You die...

#.......#
#..††...#
#.......#
#.......#
#.......# .
#.......# #.
#.......# ######.
#.Y.....####......
#@................
#######...........
#...........
#...........
#...........
#......#...†
#......##.##
######.##.##
#.##.##


You could see an ice beast.

Vanquished Creatures
  2 water moccasins (D:6)
  A black bear (D:3)
  A centaur (D:6)
  2 ogres
  A bullfrog (D:6)
  2 scorpions
  4 hounds
  A gnoll bouda (D:3)
  An orc priest (D:3)
  2 orc wizards
  5 gnolls
  4 adders
  A white imp (D:4)
  An ufetubus (D:4)
  2 worms
  2 dart slugs (D:4)
  20 orcs
  5 ball pythons
  4 endoplasms
  A giant cockroach (D:2)
  4 hobgoblins
  6 jackals
  4 kobolds
  A quokka (D:3)
  3 frilled lizards
  2 goblins (D:3)
  3 rats
85 creatures vanquished.

Notes
Turn   | Place    | Note
-------+----------+-------------------------------------------
     0 | D:1      | Aneyh the Tengu Monk began the quest for the Orb.
     0 | D:1      | Reached XP level 1. HP: 14/14 MP: 2/2
   256 | D:2      | Found Apic's Assorted Antiques.
   326 | D:2      | Reached XP level 2. HP: 18/19 MP: 3/3
   345 | D:2      | Reached skill level 4 in Polearms
   573 | D:2      | You fall into a shaft and drop 1 floor!
   583 | D:3      | Reached XP level 3. HP: 21/23 MP: 4/4
   933 | D:3      | Noticed a black bear
   944 | D:3      | Killed a black bear
   945 | D:3      | Reached skill level 6 in Polearms
   945 | D:3      | Reached XP level 4. HP: 21/28 MP: 5/5
   945 | D:3      | Reached XP level 5. HP: 24/32 MP: 6/6
   982 | D:3      | Found an ancient bone altar of Kikubaaqudgha.
  1546 | D:4      | Found a shimmering altar of Xom.
  1587 | D:4      | Reached skill level 7 in Polearms
  1617 | D:3      | Reached XP level 6. HP: 13/37 MP: 7/7
  2143 | D:4      | Found a glowing golden altar of the Shining One.
  2145 | D:4      | Found a glowing silver altar of Zin.
  2146 | D:4      | Found a white marble altar of Elyvilon.
  2350 | D:4      | Reached skill level 8 in Polearms
  2433 | D:4      | Gained mutation: Your magical flight helps you evade
                  | attacks. (EV +4) [Tengu growth]
  2433 | D:4      | Reached XP level 7. HP: 41/41 MP: 8/8
  2633 | D:5      | Entered Level 5 of the Dungeon
  2635 | D:5      | Identified the +0 rapier of the End of Times {pain, Dex+3}
  2666 | D:5      | Reached skill level 9 in Polearms
  2970 | D:6      | Reached skill level 10 in Polearms
  2975 | D:6      | Reached XP level 8. HP: 43/46 MP: 9/9
  3019 | D:6      | Reached skill level 11 in Polearms
  3059 | D:6      | Slain by an ice beast

Illustrated notes

Levels and vault maps discovered:
D:1:      shiori_shiawase, layout_loops_corners,
          hellmonk_ecumenical_altar_run_dry
D:2:      layout_basic, serial_shops, nicolae_shop_peninsula
D:3:      layout_loops_ring, mainiacjoe_overflow_paths, grunt_ministairs_10,
          glass_columns_b
D:4:      layout_gridville, good_gods_temple_1, overflow_temple_1_default,
          minmay_gold_behind_fungi, grunt_tough_drop
D:5:      layout_basic, minmay_temple_entry_glassed_door
D:6:      layout_basic, gammafunk_ghost_cemetery, uniq_sigmund, uniq_menkaure

Skill      XL: |  1  2  3  4  5  6  7  8 |
---------------+-------------------------+-----
Polearms       | 4 6 7 8 10 11 | 11.0
Fighting       | |  3.0
Dodging        | |  3.3

Action                     |  1- 3 |  4- 6 |  7- 9 || total
---------------------------+-------+-------+-------++-------
  Melee: Spear             |    12 |    30 |   118 ||   160
         Whip              |    44 |    84 |       ||   128
         Kick              |    18 |    21 |    27 ||    66
         Peck              |     7 |    15 |    17 ||    39
         Punch             |     1 |       |     2 ||     3
    Use: Scroll            |     3 |       |       ||     3
         Potion            |       |     1 |     4 ||     5
 Armour: Leather armour    |    32 |    39 |    65 ||   136
         Robe              |     1 |       |       ||     1
  Dodge: Dodged            |    36 |    80 |    76 ||   192

Table legend: (Time is in decaauts)
 A = Elapsed time spent in this place.
 B = Non-inter-level travel time spent in this place.
 C = Inter-level travel time spent in this place.
 D = Time resting spent in this place.
 E = Time spent auto-exploring this place.
 F = Levels seen in this place.
 G = Mean time per level.
                   A        B        C        D        E       F      G
               +--------+--------+--------+--------+--------+-----+--------+
         Total |   3029 |   2928 |    101 |    520 |   1712 |   6 |  504.8 |
       Dungeon |   3029 |   2928 |    101 |    520 |   1712 |   6 |  504.8 |
               +--------+--------+--------+--------+--------+-----+--------+

Top non-repeatable levels by time:
     D:3: 1206 daAuts
     D:4: 849 daAuts
     D:2: 399 daAuts
     D:6: 219 daAuts
     D:5: 180 daAuts
     D:1: 174 daAuts
